 Dungeon Crawl Stone Soup version 0.18.1-48-g4cf74bf (webtiles) character file.

282 Tempura the Shield-Bearer (level 6, -3/38 HPs)
             Began as a Gargoyle Fighter on Aug 10, 2016.
             Slain by an ogre
             ... wielding a +0 giant club
              (12 damage)
             ... on level 4 of the Dungeon.
             The game lasted 00:16:45 (2815 turns).

Tempura the Shield-Bearer (Gargoyle Fighter)        Turns: 2815, Time: 00:16:46

Health: -3/38      AC: 18    Str: 21    XL:     6   Next: 28%
Magic:  6/6        EV:  5    Int:  9    God:    Xom [..*...]
Gold:   185        SH: 10    Dex: 15    Spells: 0 memorised, 5 levels left

rFire  . . .     SeeInvis .     a - +3 trident
rCold  . . .     Gourm    .     h - +0 plate armour
rNeg   + . .     Faith    .     c - +0 shield
rPois  ∞         Spirit   .     (no helmet)
rElec  +         Dismiss  .     m - +0 cloak
rCorr  .         Reflect  .     j - +0 pair of gloves
SustAt .         Harm     .     (no boots)
MR     .....                    o - amulet of magic regeneration
Stlth  ..........               (no ring)
                                u - +6 ring of dexterity

@: not resistant to hostile enchantments, extremely unstealthy
A: negative energy resistance 1, electricity resistance, unbreathing,
petrification resistance, rot immunity, AC +4
a: Renounce Religion


You were on level 4 of the Dungeon.
You worshipped Xom.
You were a toy of Xom.
You were not hungry.

You visited 1 branch of the dungeon, and saw 4 of its levels.

You collected 185 gold pieces.

Inventory:

Hand Weapons
 a - a +3 trident (weapon)
 i - a +0 spear
 n - a +0 mace
Armour
 c - a +0 shield (worn)
 h - a +0 plate armour (worn)
 j - a +0 pair of gloves (worn)
 m - a +0 cloak (worn)
Jewellery
 o - an amulet of magic regeneration (around neck)
 u - a +6 ring of dexterity (left hand)
Scrolls
 e - a scroll of enchant weapon
 g - a scroll of recharging
 k - 2 scrolls of teleportation
Potions
 b - a potion of curing
 d - 2 potions of might
 f - a potion of haste {unknown}
Comestibles
 r - a bread ration
 w - a beef jerky


   Skills:
 + Level 4.1 Fighting
 + Level 2.6 Polearms
 + Level 3.9 Armour
 + Level 2.5 Dodging
 + Level 0.8 Stealth
 + Level 4.9 Shields


You had 5 spell levels left.
You didn't know any spells.

Dungeon Overview and Level Annotations

Branches:
Dungeon (4/15)
 Temple: D:4-7

Altars:
Xom


Innate Abilities, Weirdness & Mutations

You are resistant to torment.
Your stone body is resilient (AC +4).
You are immune to poison.
You resist negative energy.
You are resistant to electric shocks.
You can survive without breathing.
You are immune to petrification.
You are immune to rotting.


Message History

Your shield and plate armour prevent you from hitting the ogre.
The ogre hits you with a giant club.
You hit the ogre.
The ogre is lightly wounded.
The ogre closely misses you.
Your shield prevents you from hitting the ogre.
The ogre is lightly wounded.
The ogre hits you with a giant club!
You emit a cloud of colourful smoke!
You hit the ogre.
The ogre is moderately wounded.
The ogre hits you with a giant club!
* * * LOW HITPOINT WARNING * * *
You puncture the ogre!
The ogre is severely wounded.
The ogre hits you but does no damage.
You hit the ogre.
The ogre is almost dead.
The ogre hits you with a giant club!
You die...

#......# #......#
#......# .. #......#
... #......#### ....
#....$....#
....#########....<....#
............#..§......#
............#..§@O....#
#.............§§....#
#....[.......####...#
#............# ..(#
#.....^^^....# ..#
#.....^_.....# ...
#.....^^^....# .
#............#
###............#


You could see an ogre.

Vanquished Creatures
  The ghost of Tempura the Shield-Bearer, an amateur MiFi (D:3)
  Crazy Yiuf (D:2)
  4 adders (D:3)
  A dart slug (D:1)
  2 giant geckos
  11 orcs (D:3)
  2 ball pythons (D:1)
  7 bats
  A giant cockroach (D:1)
  9 goblins
  2 hobgoblins (D:2)
  2 jackals (D:3)
  6 kobolds
  A quokka (D:3)
  6 giant newts
  A quokka skeleton (D:4)
  6 rats
63 creatures vanquished.

Notes
Turn   | Place    | Note
--------------------------------------------------------------
     0 | D:1      | Tempura the Gargoyle Fighter began the quest for the Orb.
     0 | D:1      | Reached XP level 1. HP: 14/14 MP: 1/1
   141 | D:1      | Reached XP level 2. HP: 15/19 MP: 2/2
   702 | D:1      | Reached XP level 3. HP: 14/23 MP: 3/3
   887 | D:2      | Noticed Crazy Yiuf
   896 | D:2      | Killed Crazy Yiuf
  1236 | D:2      | Reached XP level 4. HP: 29/29 MP: 4/4
  1671 | D:3      | Noticed Tempura's ghost (amateur MiFi)
  1705 | D:3      | Killed Tempura's ghost
  1705 | D:3      | Reached XP level 5. HP: 23/33 MP: 5/5
  1772 | D:3      | Reached XP level 6. HP: 32/38 MP: 6/6
  2748 | D:4      | Found a shimmering altar of Xom.
  2785 | D:4      | Became a worshipper of Xom of Chaos
  2812 | D:4      | XOM: smoke on damage
  2815 | D:4      | Slain by an ogre

Skill      XL: |  1  2  3  4 |
---------------+-------------+-----
Polearms       | 2 |  2.6
Shields        | 4 |  4.9
Fighting       | 4 |  4.1
Dodging        | 2 |  2.5
Armour         | |  3.9
Stealth        | |  0.8

Action                   |  1- 3 |  4- 6 || total
-------------------------+-------+-------++-------
Melee: Trident           |    66 |   147 ||   213
  Use: Scroll            |     4 |     4 ||     8
       Potion            |       |     1 ||     1
 Stab: Sleeping          |       |     1 ||     1
  Eat: Bread ration      |       |     1 ||     1
       Fruit             |       |     2 ||     2
Armor: Plate armour      |   105 |     4 ||   109
       Robe              |     2 |    73 ||    75
Dodge: Dodged            |    24 |    81 ||   105
Block: Shield            |    78 |    96 ||   174
